 Dungeon Crawl Stone Soup version 0.32-a0-975-g85d4e5bfdb (webtiles) character file.

Game seed: 4843366294671247446

104159 jasper the Pandemonic (level 15, -8/141 HPs)
             Began as a Mountain Dwarf Fighter on Apr 18, 2024.
             Was a High Priest of Makhleb.
             Killed from afar by a manticore (10 damage)
             ... with a volley of spikes
             ... on level 5 of the Lair of Beasts.
             The game lasted 00:44:11 (22955 turns).

jasper the Pandemonic (Mountain Dwarf Fighter)     Turns: 22955, Time: 00:44:12

Health: -8/141     AC: 27    Str: 25    XL:     15   Next: 91%
Magic:  0/27       EV:  6    Int: 10    God:    Makhleb [*****.]
Gold:   68         SH: 11    Dex:  9    Spells: 14/14 levels left

rFire   . . .        E - +3 flail
rCold   + . .        l - +0 kite shield
rNeg    . . .        a - +4 plate armour {rPois}
rPois   +            j - +0 helmet
rElec   .            d - +0 cloak
rCorr   .            y - +0 pair of gloves
SInv    .            s - +1 pair of boots
Will    +....        z - amulet of guardian spirit Stlth
                     q - +4 ring of slaying
HPRegen 0.43/turn    U - ring of protection from cold
MPRegen 0.20/turn

%: guardian spirit
@: spiked
A: runic magic, artefact enchanting
a: Renounce Religion, Minor Destruction, Lesser Servant of Makhleb, Major
Destruction, Greater Servant of Makhleb


You were on level 5 of the Lair of Beasts.
You worshipped Makhleb.
Makhleb was extremely pleased with you.
You visited 3 branches of the dungeon, and saw 18 of its levels.
You also visited: Ice Cave.

You collected 1979 gold pieces.
You spent 1911 gold pieces at shops.

Inventory:

Hand Weapons
 o - a +3 spectral club
 E - a +3 flail (weapon)
Missiles
 e - 107 stones (quivered)
 i - 32 poisoned darts
 m - 7 boomerangs
 v - 2 atropa-tipped darts
 N - 5 curare-tipped darts
 R - 2 throwing nets
 T - 7 javelins
Armour
 a - a +4 plate armour of poison resistance (worn)
 b - a +2 plate armour of cold resistance
 d - a +0 cloak (worn)
 j - a +0 helmet (worn)
 l - a +0 kite shield (worn)
 s - a +1 pair of boots (worn)
 y - a +0 pair of gloves (worn)
Jewellery
 c - an amulet of the acrobat
 h - a ring of fire
 p - a +6 ring of dexterity
 q - a +4 ring of slaying (left hand)
 z - an amulet of guardian spirit (around neck)
 C - a +6 ring of strength
 D - a +6 ring of intelligence
 S - an amulet of faith
 U - a ring of protection from cold (right hand)
Wands
 k - a wand of charming (10)
 t - a wand of acid (5)
 F - a wand of polymorph (16)
 Y - a wand of flame (8)
Scrolls
 f - 5 scrolls of fear
 g - 3 scrolls of amnesia
 w - 5 scrolls of enchant armour
 x - a scroll of fog
 A - 2 scrolls of vulnerability
 I - 2 scrolls of enchant weapon
 J - 2 scrolls of silence
 K - 2 scrolls of identify
 V - a scroll of poison
Potions
 n - 6 potions of haste
 r - 2 potions of mutation
 u - 2 potions of magic
 B - 4 potions of brilliance
 G - 5 potions of attraction
 H - 2 potions of invisibility
 L - a potion of resistance
 M - 5 potions of curing
 O - 4 potions of enlightenment
 Q - 3 potions of lignification
 X - a potion of ambrosia
 Z - 5 potions of heal wounds


   Skills:
 - Level 15.0 Fighting
 - Level 14.0 Maces & Flails
 - Level 13.3 Armour
 + Level 13.9 Shields
 - Level 16.0 Invocations
 - Level 5.0 Evocations


You had 14 spell levels left.
You didn't know any spells.
Your spell library contained the following spells:

 Spells                   Type           Power      Damage    Failure   Level
 Freeze                   Ice            0%         1d3       67%         1
 Summon Small Mammal      Summ           0%         N/A       67%         1
 Call Imp                 Summ           0%         N/A       82%         2
 Ensorcelled Hibernation  Hex/Ice        0%         N/A       82%         2
 Dazzling Flash           Conj/Hex       0%         N/A       96%         3
 Frozen Ramparts          Ice            0%         1d1       96%         3
 Ozocubu's Armour         Ice            0%         N/A       96%         3
 Passwall                 Erth           0%         N/A       96%         3
 Swiftness                Air            0%         N/A       96%         3
 Volatile Blastmotes      Fire/Tloc      0%         2d10      96%         3
 Animate Dead             Necr           0%         N/A       100%        4
 Flame Wave               Conj/Fire      0%         2d4       100%        4
 Leda's Liquefaction      Alch/Erth      0%         N/A       100%        4
 Freezing Cloud           Conj/Ice/Air   0%         6-21      100%        5
 Lee's Rapid Deconstruct  Erth           0%         3d4*      100%        5
 Permafrost Eruption      Ice/Erth       0%         2x4d1     100%        6
 Sculpt Simulacrum        Ice/Alch       0%         N/A       100%        6
 Spellforged Servitor     Conj/Summ      0%         N/A       100%        7
 Ignition                 Fire           0%         3d3       100%        8


Dungeon Overview and Level Annotations

Branches:
Dungeon (11/15)            Temple (0/1) D:6            Lair (5/5) D:8
  Swamp (0/4) Lair:2       Spider (0/4) Lair:2        Slime (0/5) Lair:5
    Orc (2/2) D:10            Elf (0/3) Orc:2         IceCv (visited)

Altars:
Dithmenos
Elyvilon
Kikubaaqudgha
Makhleb
Qazlal
Sif Muna
Trog
Uskayaw
Xom
Yredelemnul
Zin
Beogh

Shops:
D:3 [   D:8 (   Orc:2 !!?[

Annotations:
D:11 2 transporters, avangion's ghost, journeyman DECj


Innate Abilities, Weirdness & Mutations

Your spellcasting is much less encumbered by armour.
You can use scrolls of enchantment on lesser artefacts.


Message History

Your hellwing hits the death yak but does no damage.
Your hellwing hits the death yak.
You take 3 damage, and have 10/141 hp.
You now have 4/27 mp.
You barely miss the death yak.
The death yak is almost dead.
The death yak gores you.
* * * LOW HITPOINT WARNING * * *
You take 3 damage, and have 7/141 hp.
You now have 3/27 mp.
You hit the death yak but do no damage.
The death yak is almost dead.
Your hellwing hits the death yak.
The death yak dies!
Makhleb accepts your kill.
A manticore comes into view.
What are your orders? t - Shout!
Orders for allies: a - Attack new target. r - Retreat! s - Stop attacking. g - Guard the area. f - Follow me.
Anything else - Cancel.
Gang up on whom?
Press: ? - help, Dir - move target, f - manticore
Aim: a manticore (wandering, ally target, hasn't noticed you) Attack!
Your hellwing swoops through the air toward the manticore!
Your hellwing hits the manticore. x2
The blast of calcifying dust hits your hellwing.
A blast of calcifying dust appears from out of your range of vision.
The manticore flicks its tail.
The volley of spikes skewers you!
Barbed spikes become lodged in your body.
* * * LOW HITPOINT WARNING * * *
Your hellwing is engulfed in calcifying dust.
Your hellwing is moving more slowly.
Your hellwing hits the manticore! Your hellwing hits the manticore.
You take 8 damage, and have 2/141 hp.
You now have 2/27 mp.
The manticore flicks its tail.
The volley of spikes skewers you!
More barbed spikes become lodged in your body.
You die...

......ß................
...ß...................
#.....^ß.†.............
##......###...........
#P.....## ##.......... ßY
#P.###...## #.......... Y.. ##
####...####......... Yß.#
###†###...# #......... ..Y.
##...†@##†.# #......... #..#
###...#......###.........
#..###.4H.P##......###........
#........####....## #........
##...###.# ###.## #......).
#...## #..# ### #........
##..P ##..# ##......^. #..##
#... #......... ..## ...Y
#.........


You could see a manticore (ally target) and a friendly hellwing (summoned,
petrifying).

Vanquished Creatures
  Gastronok (Lair:1)
  2 orc warlords (Orc:2)
  Snorg (Lair:5)
  A catoblepas (Lair:5)
  3 hydras
  A boulder beetle (Lair:4)
  3 two-headed ogres
  18 death yaks
  Urug (D:11)
  An orc high priest (Orc:2)
  2 bog bodies (Lair:2)
  3 obsidian bats (D:10)
  4 orc knights (Orc:2)
  2 orc sorcerers (Orc:2)
  An ugly thing (IceCv)
  2 cyclopes (Orc:2)
  A wolf spider (Lair:5)
  Maurice (D:11)
  A manticore (D:11)
  3 elephants (Lair:5)
  7 black mambas
  2 torpor snails
  3 ice statues (IceCv)
  10 cane toads
  4 rime drakes
  14 komodo dragons
  Psyche (D:8)
  A freezing wraith (IceCv)
  2 anaconda simulacra (IceCv)
  A troll (Orc:2)
  2 polar bears
  A polar bear (shapeshifter) (D:11)
  A hornet (D:7)
  5 saltlings (Orc:2)
  25 blink frogs
  Sigmund (D:6)
  5 wyverns
  79 yaks
  6 wraiths (D:11)
  2 vampires
  4 basilisks
  2 redbacks (Lair:2)
  2 vampire mosquitoes (D:11)
  A warg (D:10)
  3 steam dragons
  A harpy simulacrum (IceCv)
  12 water moccasins
  2 sky beasts
  20 orc warriors
  2 ice beasts
  2 black bears (D:5)
  5 ogres
  14 wolves
  3 centaurs
  Blork the orc (D:6)
  2 kobold brigands (D:9)
  5 gnoll sergeants
  13 bullfrogs
  A cane toad simulacrum (IceCv)
  4 scorpions
  12 wights
  7 killer bees
  2 elephant simulacra (IceCv)
  2 electric eels
  A bombardier beetle (D:4)
  10 hounds
  A jelly (D:6)
  11 orc priests
  Crazy Yiuf (D:3)
  A sleepcap (D:4)
  A gnoll bouda (D:8)
  Jessica (D:2)
  12 iguanas
  23 orc wizards
  A polar bear simulacrum (IceCv)
  4 hell rats (Lair:5)
  2 wolf simulacra (IceCv)
  18 gnolls
  5 adders
  A river rat (D:3)
  5 ufetubi (D:6)
  A dart slug (D:3)
  51 orcs
  7 endoplasms
  4 giant cockroaches
  9 goblins
  8 hobgoblins
  7 jackals
  14 kobolds
  10 quokkas
  4 ball pythons
  6 bats
  10 frilled lizards
  11 rats
586 creatures vanquished.

Vanquished Creatures (collateral kills)
  Josephine (D:11)
  2 death yaks (Lair:5)
  Nergalle (D:11)
  2 oklob plants (Lair:5)
  A cane toad (Lair:4)
  A komodo dragon (Lair:5)
  A slime creature (D:11)
  A wraith (D:11)
  A yak (Lair:4)
  A water moccasin (Lair:4)
  A bullfrog (Lair:1)
  An electric eel (Lair:4)
  3 iguanas (Lair:1)
  2 frilled lizards (Lair:1)
19 creatures vanquished.

Vanquished Creatures (others)
  An angel (D:6)
  An orc knight (Orc:2)
  An ufetubus (D:6)
  2 frilled lizards (Lair:1)
  7 spectral weapons
12 creatures vanquished.

Grand Total: 617 creatures vanquished

Notes
Turn   | Place    | Note
-------+----------+-------------------------------------------
     0 | D:1      | jasper the Mountain Dwarf Fighter began the quest for the
                  | Orb.
     0 | D:1      | Reached XP level 1. HP: 19/19 MP: 1/1
   138 | D:1      | Reached XP level 2. HP: 10/26 MP: 2/2
   511 | D:1      | Reached XP level 3. HP: 31/31 MP: 3/3
  1017 | D:2      | Noticed Jessica
  1028 | D:2      | Killed Jessica
  1029 | D:2      | Reached skill level 5 in Maces & Flails
  1029 | D:2      | Reached XP level 4. HP: 28/38 MP: 4/4
  1035 | D:2      | Identified the +0 chain mail of Indomitability {Int+3 SInv}
  1543 | D:3      | Found Ymait's Antique Armour Shop.
  1743 | D:3      | Bought a pair of boots for 108 gold pieces
  1960 | D:3      | Reached XP level 5. HP: 15/45 MP: 5/5
  2503 | D:3      | Found a runed translucent door.
  2504 | D:3      | Noticed Crazy Yiuf
  2520 | D:3      | Killed Crazy Yiuf
  2765 | D:4      | Reached XP level 6. HP: 51/51 MP: 6/6
  2896 | D:4      | Identified the +0 robe "Hyptuppu" {rElec Slay-2 Archmagi}
  3479 | D:5      | Entered Level 5 of the Dungeon
  3568 | D:5      | Reached XP level 7. HP: 56/57 MP: 7/7
  3657 | D:5      | Reached skill level 10 in Maces & Flails
  3827 | D:5      | Found a burning altar of Makhleb.
  3838 | D:5      | Became a worshipper of Makhleb the Destroyer
  3912 | D:6      | Found a glowing silver altar of Zin.
  3915 | D:6      | Noticed an angel
  3965 | D:6      | Reached XP level 8. HP: 51/63 MP: 8/8
  4104 | D:6      | Found a staircase to the Ecumenical Temple.
  4211 | D:6      | Noticed Blork the orc
  4217 | D:6      | Killed Blork the orc
  4256 | D:6      | Noticed Sigmund
  4265 | D:6      | Killed Sigmund
  4473 | D:6      | Found a shimmering altar of Xom.
  4699 | D:6      | Got the Grimoire of the Exothermic Band
  4725 | D:6      | Killed an angel
  5216 | D:7      | Found a shadowy altar of Dithmenos.
  5218 | D:7      | Found a stormy altar of Qazlal.
  5219 | D:7      | Found an ancient bone altar of Kikubaaqudgha.
  5219 | D:7      | Found a hide-covered altar of Uskayaw.
  5219 | D:7      | Found a basalt altar of Yredelemnul.
  5256 | D:7      | Reached XP level 9. HP: 37/70 MP: 4/9
  5596 | D:8      | Noticed Psyche
  5623 | D:8      | Killed Psyche
  5623 | D:8      | Reached * piety under Makhleb
  5624 | D:8      | Reached skill level 5 in Fighting
  5624 | D:8      | Reached skill level 5 in Armour
  6380 | D:8      | Reached XP level 10. HP: 85/85 MP: 10/10
  6665 | D:8      | Found a staircase to the Lair.
  6740 | D:8      | Found Giosmaus's Antique Weapon Shop.
  6778 | D:8      | Reached ** piety under Makhleb
  7003 | D:8      | Got the Enchiridion on the Missiles
  7256 | D:9      | Found a bloodstained altar of Trog.
  7260 | D:9      | Found a shimmering blue altar of Sif Muna.
  8574 | D:7      | Reached *** piety under Makhleb
  8585 | D:7      | Found a white marble altar of Elyvilon.
  8764 | D:7      | Reached skill level 10 in Fighting
  8764 | D:7      | Reached skill level 10 in Armour
  9004 | D:10     | Entered Level 10 of the Dungeon
  9005 | D:10     | Identified the +0 robe of Zeh Dain {+Blink}
  9346 | D:10     | Noticed a two-headed ogre
  9351 | D:10     | Killed a two-headed ogre
  9352 | D:10     | Reached XP level 11. HP: 99/99 MP: 11/11
  9395 | D:10     | Found a staircase to the Orcish Mines.
  9844 | D:11     | Reached skill level 5 in Evocations
  9920 | D:11     | Reached skill level 1 in Invocations
  9926 | D:11     | Reached skill level 2 in Invocations
  9931 | D:11     | Reached skill level 3 in Invocations
  9946 | D:11     | Reached skill level 4 in Invocations
 10052 | D:11     | Got the Elucidation of Grim Hoarfrost
 10066 | D:11     | Reached skill level 5 in Invocations
 10233 | D:11     | Reached skill level 6 in Invocations
 10282 | D:11     | Found a transporter.
 10284 | D:11     | Noticed a two-headed ogre
 10284 | D:11     | Noticed avangion's ghost (journeyman DECj)
 10284 | D:11     | Noticed a two-headed ogre
 10285 | D:11     | Found a transporter.
 10285 | D:11     | Noticed a two-headed ogre
 10288 | D:11     | Identified the +1 dire flail of Inflation {holy, rN+ Int+3}
 10288 | D:11     | Identified the +5 great mace of Karma {flame, SInv}
 10288 | D:11     | Noticed a two-headed ogre
 10393 | D:11     | Noticed Maurice
 10409 | D:11     | Something stole an amulet of faith
 10411 | D:11     | Something stole 27 poisoned darts
 10418 | D:11     | Something stole a +0 dagger of venom
 10423 | D:11     | Something stole 569 gold
 10438 | D:11     | Killed Maurice
 10439 | D:11     | Reached skill level 7 in Invocations
 10513 | D:11     | Noticed Urug
 10528 | D:11     | Killed Urug
 10529 | D:11     | Reached skill level 8 in Invocations
 10727 | D:11     | Reached **** piety under Makhleb
 10787 | D:11     | Noticed Josephine
 10797 | D:11     | Noticed Nergalle
 10809 | D:11     | Killed Josephine
 10829 | D:11     | Killed Nergalle
 11330 | Lair:1   | Entered Level 1 of the Lair of Beasts
 11360 | Lair:1   | Reached XP level 12. HP: 107/110 MP: 14/18
 12045 | Lair:1   | Noticed Gastronok
 12060 | Lair:1   | Killed Gastronok
 13045 | Lair:2   | Reached ***** piety under Makhleb
 13047 | Lair:2   | Found a staircase to the Swamp.
 13537 | Lair:2   | Reached skill level 9 in Invocations
 13702 | Lair:2   | Found a hole to the Spider Nest.
 14153 | Lair:3   | Reached skill level 10 in Invocations
 14153 | Lair:3   | Reached XP level 13. HP: 122/122 MP: 20/20
 14635 | Lair:3   | Found a frozen archway.
 14652 | Lair:3   | Reached skill level 11 in Invocations
 14681 | IceCv    | Entered an ice cave
 15586 | IceCv    | Noticed an Executioner
 16010 | IceCv    | Identified the +6 great sword of an ice cave {speed, Will+
                  | Str+5}
 16015 | IceCv    | Got Sif Muna's Codex of the Blizzard
 16698 | Lair:4   | Reached skill level 5 in Shields
 17994 | Orc:1    | Entered Level 1 of the Orcish Mines
 18868 | Orc:2    | Entered Level 2 of the Orcish Mines
 18877 | Orc:2    | Found a staircase to the Elven Halls.
 18916 | Orc:2    | Reached skill level 10 in Shields
 19106 | Orc:2    | Noticed Sonja
 19113 | Orc:2    | Sonja changed into Sonja the cane toad
 19113 | Orc:2    | Noticed Sonja
 19135 | Orc:1    | Killed Sonja the cane toad
 19136 | Orc:1    | Reached skill level 12 in Invocations
 19766 | Orc:2    | Noticed an orc warlord
 19805 | Orc:2    | Reached skill level 13 in Invocations
 19857 | Orc:2    | Killed an orc warlord
 19858 | Orc:2    | Reached XP level 14. HP: 69/129 MP: 11/24
 19952 | Orc:2    | Reached skill level 14 in Invocations
 20105 | Orc:2    | Noticed an orc warlord
 20115 | Orc:2    | Paralysed by an orc sorcerer for 2 turns
 20150 | Orc:2    | Killed an orc warlord
 20333 | Orc:2    | Found Kaloguce's Distillery.
 20339 | Orc:2    | Bought a potion of experience for 750 gold pieces
 20339 | Orc:2    | Bought a potion of heal wounds for 75 gold pieces
 20339 | Orc:2    | Bought 2 potions of enlightenment for 150 gold pieces
 20339 | Orc:2    | Bought a potion of mutation for 120 gold pieces
 20339 | Orc:2    | Bought a potion of enlightenment for 75 gold pieces
 20339 | Orc:2    | Bought a potion of lignification for 45 gold pieces
 20339 | Orc:2    | Reached skill level 15 in Invocations
 20339 | Orc:2    | Reached XP level 15. HP: 137/137 MP: 24/26
 20361 | Orc:2    | Found Otuxorghe's Magic Scroll Shoppe.
 20362 | Orc:2    | Found a roughly hewn altar of Beogh.
 20363 | Orc:2    | Found Noastior's Distillery.
 20368 | Orc:2    | Bought a potion of haste for 160 gold pieces
 20368 | Orc:2    | Bought a potion of haste for 160 gold pieces
 20368 | Orc:2    | Bought a potion of heal wounds for 80 gold pieces
 20368 | Orc:2    | Bought a potion of heal wounds for 80 gold pieces
 20368 | Orc:2    | Bought a potion of curing for 48 gold pieces
 20372 | Orc:2    | Bought a scroll of fog for 60 gold pieces
 20382 | Orc:2    | Found Acsaj's Armour Shoppe.
 20670 | Lair:3   | Reached skill level 16 in Invocations
 21313 | Lair:5   | Entered Level 5 of the Lair of Beasts
 21462 | Lair:5   | Reached skill level 15 in Fighting
 21763 | Lair:5   | Found a staircase to the Slime Pits.
 22087 | Lair:5   | Noticed Snorg
 22103 | Lair:5   | Killed Snorg
 22946 | Lair:5   | HP: 7/141 [death yak (3)]
 22954 | Lair:5   | HP: 2/141 [manticore/volley of spikes (9)]
 22955 | Lair:5   | Killed from afar by a manticore

Illustrated notes

Levels and vault maps discovered:
D:1:      reono_arrival_mine, layout_rooms
D:2:      layout_loops_cross, minmay_tetromino_l4, uniq_jessica
D:3:      minmay_wonky_spiral, layout_basic, gup_sewer_entry_spiral,
          serial_shops, nicolae_diamond_shop, st_stairs_12, minmay_starry_boxes,
          uniq_crazy_yiuf_cottage
D:4:      layout_loops_ring
D:5:      layout_cave_pools, makhleb_heckhound_becter
D:6:      layout_basic, grunt_temple_overflow_order_and_chaos_1,
          minmay_temple_entry_glassed_door, st_stairs_2, uniq_sigmund,
          uniq_blork_the_orc
D:7:      layout_loops_ring, kennysheep_mini_moat, grunt_temple_overflow_open
D:8:      layout_cave_pools, erik_lair_island, serial_gnoll_camp,
          gnoll_camp_huts_basic, gnoll_camp_mini_shop,
          gnoll_camp_mini_loothouse, gnoll_camp_mini_sergeant, uniq_psyche
D:9:      layout_loops_ring, hellmonk_overflow_destroyed_library,
          chequers_avenue
D:10:     layout_gridville, orc_0_dummy, minmay_misc_feat_roman
D:11:     layout_irregular_city, gammafunk_ghost_smash,
          minmay_fractal_squares_gapless_7, uniq_nergalle, uniq_urug,
          uniq_maurice, uniq_josephine
Lair:1:   lemuel_reptile_caves, layout_chaotic_city, beast_lair_carwin_6,
          uniq_gastronok
Lair:2:   layout_loops_ring, skrybe_swamp_entry_bodies, spider_nest_entry_webs,
          serial_bayou_shore_a, grunt_megastairs_5
Lair:3:   layout_regular_city, portal_ice_cave_rime, fungi_pond_lemuel
Lair:4:   layout_regular_city, beast_lair_carwin_1, serial_bayou_shore_b,
          infiniplex_staircase_pool, lemuel_fruit_tree
Lair:5:   evilmike_catoblepas_cave, layout_regular_city,
          minmay_slime_entry_oklob_open, lemuel_fruit_fields,
          serial_bayou_shore_b, uniq_snorg
Orc:1:    layout_caves, guppyfry_library_mini
Orc:2:    hellmonk_orc_salted, layout_caves, uniq_sonja

Skill      XL: |  1  2  3  4  5  6  7  8  9 10 11 12 13 14 15 |
---------------+----------------------------------------------+-----
Maces & Flails | 3 4 5 6 7 9 11 14 | 14.0
Fighting       | 7 10 11 13 15 | 15.0
Armour         | 7 10 11 13 | 13.3
Evocations     | 2 5 |  5.0
Invocations    | 8 10 13 15 16 | 16.0
Shields        | 10 13 | 13.9

Action                     |  1- 3 |  4- 6 |  7- 9 | 10-12 | 13-15 || total
---------------------------+-------+-------+-------+-------+-------++-------
  Melee: Flail             |   120 |       |       |       |   886 ||  1006
         Club              |       |   173 |   268 |   915 |   465 ||  1821
  Throw: Stone             |     1 |       |     1 |     2 |     3 ||     7
 Invoke: Lesser Servant of |       |       |       |     3 |    12 ||    15
         Major Destruction |       |       |       |       |    16 ||    16
         Greater Servant o |       |       |       |       |     2 ||     2
  Evoke: Wand              |       |       |     3 |    16 |    18 ||    37
    Use: Scroll            |     2 |    13 |     1 |     8 |    11 ||    35
         Potion            |       |     3 |     2 |       |     2 ||     7
   Stab: Distracted        |       |     2 |     5 |    12 |    12 ||    31
 Armour: Scale mail        |    92 |       |       |       |       ||    92
         Chain mail        |       |   108 |    88 |       |       ||   196
         Plate armour      |       |       |    94 |   665 |  1099 ||  1858
         Skin              |       |       |     1 |       |       ||     1
  Dodge: Dodged            |    53 |    44 |    49 |   186 |   246 ||   578
  Block: Buckler           |    19 |    25 |    36 |   124 |     5 ||   209
         Kite shield       |       |       |       |       |   563 ||   563

Table legend: (Time is in decaauts)
 A = Elapsed time spent in this place.
 B = Non-inter-level travel time spent in this place.
 C = Inter-level travel time spent in this place.
 D = Time resting spent in this place.
 E = Time spent auto-exploring this place.
 F = Levels seen in this place.
 G = Mean time per level.
                   A        B        C        D        E       F      G
               +--------+--------+--------+--------+--------+-----+--------+
         Total |  22341 |  21525 |    816 |   2077 |  14555 |  19 | 1175.8 |
       Dungeon |  11561 |  11112 |    449 |    933 |   7983 |  11 | 1051.0 |
          Lair |   7256 |   6988 |    268 |    220 |   4902 |   5 | 1451.2 |
  Orcish Mines |   2189 |   2090 |     99 |    209 |   1312 |   2 | 1094.5 |
      Ice Cave |   1333 |   1333 |      0 |    715 |    358 |   1 | 1333.0 |
               +--------+--------+--------+--------+--------+-----+--------+

Top non-repeatable levels by time:
  Lair:4: 1775 daAuts
  Lair:5: 1517 daAuts
     D:8: 1451 daAuts
  Lair:1: 1435 daAuts
    D:11: 1423 daAuts
  Lair:2: 1340 daAuts
   IceCv: 1333 daAuts
     D:9: 1330 daAuts
   Orc:2: 1300 daAuts
     D:7: 1288 daAuts
  Lair:3: 1187 daAuts
     D:3: 1175 daAuts
    D:10: 1136 daAuts
     D:6: 958 daAuts
   Orc:1: 888 daAuts
